 Dungeon Crawl Stone Soup version 0.19-a0-981-gaae9137 (webtiles) character file.

70 matakusis the Ducker (level 4, -4/34 HPs)
             Began as a Demonspawn Gladiator on July 14, 2016.
             Killed by nerve-wracking pain
             ... invoked by Jessica
              (6 damage)
             ... on level 2 of the Dungeon.
             The game lasted 00:03:47 (1673 turns).

matakusis the Ducker (Demonspawn Gladiator)         Turns: 1673, Time: 00:03:47

Health: -4/34      AC:  3    Str: 15    XL:     4   Next: 3%
Magic:  4/4        EV: 13    Int:  9    God:
Gold:   30         SH:  0    Dex: 17    Spells: 0 memorised, 3 levels left

rFire  . . .     SeeInvis .     a - +0 long sword
rCold  . . .     Gourm    .     l - +0 leather armour {MR+}
rNeg   . . .     Faith    .     (no shield)
rPois  .         Spirit   .     (helmet restricted)
rElec  .         Dismiss  .     (no cloak)
rCorr  .         Reflect  .     (no gloves)
SustAt .         Harm     .     (no boots)
MR     +....                    (no amulet)
Stlth  ++........               (no ring)
                                (no ring)

@: somewhat resistant to hostile enchantments, unstealthy
A: antennae 1, thin skeletal structure 1
a: no special abilities


You were on level 2 of the Dungeon.
You were not hungry.

You visited 1 branch of the dungeon, and saw 2 of its levels.

You collected 30 gold pieces.

Inventory:

Hand Weapons
 a - a +0 long sword (weapon)
Missiles
 d - 2 throwing nets (quivered)
Armour
 c - a +0 helmet
 l - a +0 leather armour of magic resistance (worn)
Scrolls
 b - a scroll of enchant weapon {unknown}
 e - 2 scrolls of random uselessness {unknown}
 g - a scroll of remove curse {unknown}
 j - a scroll of teleportation {unknown}
 k - a scroll of amnesia {unknown}
Potions
 h - a potion of mutation {unknown}
Comestibles
 f - 2 bread rations
 i - a slice of pizza


   Skills:
 * Level 2.5 Fighting
 + Level 3.4 Long Blades
 - Level 1.7 Throwing
 * Level 3.5 Dodging


You had 3 spell levels left.
You didn't know any spells.

Dungeon Overview and Level Annotations

Branches:
Dungeon (2/15)

Altars:

Annotations:
D:2 Jessica


Innate Abilities, Weirdness & Mutations

You have a pair of small antennae on your head.
You have a somewhat thin skeletal structure. (Dex +2, Stealth)


Message History

You hit the kobold.
You kill the kobold!
Jessica hits you.
* * * LOW HITPOINT WARNING * * *
Unknown command.
Throwing (i - inventory):
d - 3 throwing nets (quivered)
Press: ? - help, Shift-Dir - straight line, f - Jessica
Aim: Jessica, wearing a robe You throw a throwing net.
The throwing net hits Jessica.
Jessica is caught in the net!
Jessica struggles against the net.
You hit Jessica but do no damage.
Jessica struggles against the net.
You hit Jessica.
Jessica is moderately wounded.
Jessica gestures wildly.
Jessica struggles against the net.
You hit Jessica.
Jessica is heavily wounded.
Jessica points at you and mumbles some strange words.
Pain shoots through your body!
You die...

... #......# #.#
#......# #.######......#
#.#...........#######
#)#<.................
#..(.................
######....#.......$.....
)...)(.(..#.....@†......
..#........####.@)......
..#........# #.........
..#........# #.........
..#........# ##########
..#........#
..#........#
(.#........# #........#
#........#


You could see Jessica (caught).

Vanquished Creatures
  2 adders (D:2)
  3 dart slugs
  A giant gecko (D:1)
  2 giant cockroaches (D:1)
  3 goblins
  7 hobgoblins
  A quokka (D:2)
  3 bats (D:1)
  A giant newt (D:1)
  14 kobolds
  10 rats
47 creatures vanquished.

Vanquished Creatures (others)
  A bush (D:1)
1 creature vanquished.

Grand Total: 48 creatures vanquished

Notes
Turn   | Place    | Note
-------+----------+-------------------------------------------
     0 | D:1      | matakusis the Demonspawn Gladiator began the quest for the Orb.
     0 | D:1      | Reached XP level 1. HP: 16/16 MP: 1/1
   269 | D:1      | Gained mutation: You have a somewhat thin skeletal structure. (Dex +2, Stealth) [demonic ancestry]
   269 | D:1      | Reached XP level 2. HP: 22/22 MP: 2/2
  1046 | D:1      | Reached XP level 3. HP: 27/28 MP: 3/3
  1656 | D:2      | Noticed Jessica
  1668 | D:2      | Gained mutation: You have a pair of small antennae on your head. [demonic ancestry]
  1668 | D:2      | Reached XP level 4. HP: 13/34 MP: 4/4
  1673 | D:2      | Killed from afar by Jessica

Vault maps used:
D:1:      dpeg_arrival_round_b, minmay_misc_feat_pillars, eino_curves_02,
          st_stairs_13, lexackson_kobold_supper
D:2:      uniq_jessica

Skill      XL: |  1  2 |
---------------+-------+-----
Long Blades    | 3 |  3.4
Dodging        | 3 |  3.5
Fighting       | |  2.5
Throwing       | |  1.7

Action                   |  1- 3 |  4- 6 || total
-------------------------+-------+-------++-------
Melee: Long sword        |   180 |     5 ||   185
Throw: Throwing net      |       |     1 ||     1
 Stab: Sleeping          |     2 |       ||     2
  Eat: Chunk             |     3 |       ||     3
Armor: Leather armour    |    21 |       ||    21
Dodge: Dodged            |    87 |     1 ||    88
